 Dungeon Crawl Stone Soup version 0.29-a0-422-gafbd6decc1 (webtiles) character file.

Game seed: 6227242622548948565

6 xian the Charlatan (level 1, -1/15 HPs)
             Began as a Demonspawn Artificer on May 19, 2022.
             Slain by a giant cockroach (2 damage)
             ... on level 1 of the Dungeon.
             The game lasted 00:01:18 (149 turns).

xian the Charlatan (Demonspawn Artificer)            Turns: 149, Time: 00:01:20

Health: -1/15      AC:  3    Str: 12    XL:     1   Next: 75%
Magic:  1/1        EV: 11    Int: 12    God:
Gold:   13         SH:  0    Dex: 13    Spells: 0/0 levels left

rFire   . . .      SeeInvis .   a - +0 club
rCold   . . .      Faith    .   (no shield)
rNeg    . . .      Spirit   .   b - +0 leather armour
rPois   .          Reflect  .   (no helmet)
rElec   .          Harm     .   (no cloak)
rCorr   .          Rampage  .   (no gloves)
Will    .....                   (no boots)
Stlth   +.........              (no amulet)
HPRegen 0.05/turn               (no ring)
MPRegen 0.07/turn               (no ring)

@: no status effects
A: no striking features
a: no special abilities


You were on level 1 of the Dungeon.
You visited 1 branch of the dungeon, and saw 1 of its levels.

You collected 13 gold pieces.

Inventory:

Hand Weapons
 a - a +0 club (weapon)
Armour
 b - a +0 leather armour (worn)
Wands
 c - a wand of flame (10) (quivered)
 d - a wand of charming (15)
 e - a wand of iceblast (9)
Scrolls
 h - a scroll of identify {unknown}
Potions
 f - a potion of flight {unknown}
 g - a potion of magic {unknown}


   Skills:
 + Level 1.0 Fighting
 + Level 1.8 Armour
 + Level 0.8 Dodging
 + Level 0.8 Stealth
 + Level 3.4 Evocations


You couldn't memorise any spells.
You didn't know any spells.
Your spell library was empty.

Dungeon Overview and Level Annotations

Branches:
Dungeon (1/15)

Altars:


Message History

The kobold is severely wounded.
The kobold hits you with a +0 short sword.
You barely miss the kobold.
The kobold is severely wounded.
The kobold hits you with a +0 short sword. x2
You hit the kobold.
You kill the kobold!
The frilled lizard bites you. The frilled lizard bites you.
* * * LOW HITPOINT WARNING * * *
You are too injured to fight recklessly!
Aiming: Throw Flame
Press: ? - help, Q - select action, (/) - cycle Shift-Dir - straight line, f - giant cockroach
Aim: a giant cockroach (71% to hit)
The puff of flame misses the frilled lizard.
The puff of flame misses the giant cockroach.
The frilled lizard bites you but does no damage.
The frilled lizard attacks as you move away!
The frilled lizard bites you but does no damage.
The frilled lizard attacks as you move away!
The frilled lizard bites you.
* * * LOW HITPOINT WARNING * * *
You barely miss the frilled lizard. The giant cockroach closely misses you.
The frilled lizard bites you.
* * * LOW HITPOINT WARNING * * *
The giant cockroach barely misses you.
You hit the frilled lizard.
You kill the frilled lizard!
The giant cockroach barely misses you. The giant cockroach closely misses you.
The giant cockroach misses you.
You see here a frilled lizard corpse.
You are too injured to fight recklessly!
You don't know any spells.
Aiming: Throw Flame
Press: ? - help, Shift-Dir - straight line, f/p - giant cockroach
Aim: a giant cockroach (71% to hit)
The puff of flame hits the giant cockroach.
The giant cockroach is almost dead.
The giant cockroach bites you.
You die...

#...# #...# .
#...# .
..#####...####.#
...>............
.......).......
...............
.(#####...####.
#.B@# #.†>#
#...# #...#
###...##
#......#
#.##.#.#
##.##.#.#
........# #####


You could see a giant cockroach.

Vanquished Creatures
  A hobgoblin (D:1)
  A quokka (D:1)
  2 frilled lizards (D:1)
  2 kobolds (D:1)
6 creatures vanquished.

Notes
Turn   | Place    | Note
-------+----------+-------------------------------------------
     0 | D:1      | xian the Demonspawn Artificer began the quest for the Orb.
     0 | D:1      | Reached XP level 1. HP: 15/15 MP: 1/1
   149 | D:1      | Slain by a giant cockroach

Illustrated notes

Levels and vault maps discovered:
D:1:      kennysheep_arrival_seaside, layout_loops_cross

Action                   || total
-------------------------++-------
Melee: Club              ||    13
Evoke: Wand              ||     5
Armor: Leather armour    ||     8
Dodge: Dodged            ||    14

Table legend: (Time is in decaauts)
 A = Elapsed time spent in this place.
 B = Non-inter-level travel time spent in this place.
 C = Inter-level travel time spent in this place.
 D = Time resting spent in this place.
 E = Time spent auto-exploring this place.
 F = Levels seen in this place.
 G = Mean time per level.
                   A        B        C        D        E       F      G
               +--------+--------+--------+--------+--------+-----+--------+
         Total |    152 |    152 |      0 |      0 |     90 |   1 |  152.0 |
       Dungeon |    152 |    152 |      0 |      0 |     90 |   1 |  152.0 |
               +--------+--------+--------+--------+--------+-----+--------+

Top non-repeatable levels by time:
     D:1: 152 daAuts
